Nashville Predators vs Vegas Golden Knights (R1)

Created - Saturday, January 31, 2026 at 07:54

Goals
1 2 3 T
Nashville Predators 0 4 3 7
Vegas Golden Knights 1 2 0 3
Shots
1 2 3 T
Nashville Predators 5 17 12 34
Vegas Golden Knights 11 12 9 32

1st period

1. Vegas Golden Knights , Andreas Athanasiou 2 (Anthony Mantha 3, Mathieu Olivier 3) at 13:07

Penalties :
Zach Bogosian (VGK) for Tripping (Minor) at 2:25, Jordan Staal (VGK) for Tripping (Minor) at 10:13, Matthew Tkachuk (NSH) for Interference (Minor) at 13:35, Andreas Athanasiou (VGK) for Roughing (Minor) at 19:56

2nd period

2. Nashville Predators , Dmitri Voronkov 9 (Jack Roslovic 6, Marco Kasper 7) at 0:08 (PP)
3. Nashville Predators , Eetu Luostarinen 3 (Emil Heineman 4) at 4:02
4. Vegas Golden Knights , Mathew Barzal 4 (Reilly Smith 4, Jordan Staal 4) at 4:08
5. Nashville Predators , Alex Pietrangelo 2 (Dmitri Voronkov 4, Marco Kasper 8) at 6:38 (PP)
6. Nashville Predators , Dmitri Voronkov 10 (Jean-Gabriel Pageau 4, Yegor Chinakhov 7) at 7:39
7. Vegas Golden Knights , Erik Johnson 1 (Mathew Barzal 8, Jordan Staal 5) at 11:40

Penalties :
Mika Zibanejad (VGK) for Roughing (Minor) at 1:29, Zach Bogosian (VGK) for Interference (Minor) at 6:22, Alex Pietrangelo (NSH) for Roughing (Minor) at 14:01

3rd period

8. Nashville Predators , Pius Suter 2 (Alex Pietrangelo 6) at 10:01 (PP)
9. Nashville Predators , Matthew Tkachuk 8 (John-Jason Peterka 8, Jordan Spence 1) at 10:50 (PP)
10. Nashville Predators , Kris Letang 2 (Dmitri Voronkov 5, Jack Roslovic 7) at 15:39 (PP)

Penalties :
Marco Kasper (NSH) for High sticking (Minor) at 0:32, Sean Monahan (VGK) for Tripping (Minor) at 1:05, Simon Benoit (NSH) for Tripping (Minor) at 4:05, Tyler Toffoli (VGK) for Slashing (Minor) at 9:08, Travis Hamonic (VGK) for Tripping (Minor) at 10:14, Tyler Toffoli (VGK) for Roughing (Minor) at 15:28, Thomas Chabot (VGK) for Fighting (Major) at 15:40, Simon Benoit (NSH) for Fighting (Major) at 15:40, Travis Hamonic (VGK) for Fighting (Major) at 16:09, John-Jason Peterka (NSH) for Fighting (Major) at 16:09, Jordan Staal (VGK) for Hooking (Minor) at 16:45, Reilly Smith (VGK) for Slashing (Minor) at 18:45

Goalie Stats

Thatcher Demko (NSH), 29 saves from 32 shots - (0.906), W, 2-0-0, 60:00 minutes
Mackenzie Blackwood (VGK), 27 saves from 34 shots - (0.794), L, 5-3-1, 60:00 minutes

Players Stats for Nashville Predators

Player Name              G  A  P  +/- PIM S  H  SB GA TA FO     MP     PP MP  PK MP  
------------------------------------------------------------------------------------
Alex Pietrangelo         1  1  2   0  2   1  0  1  0  0  0/0    21:46   6:05   1:51 
Alexey Toropchenko       0  0  0   0  0   1  0  0  0  0  0/0    10:07   0:00   2:33 
Brandon Montour          0  0  0   0  0   1  2  1  0  1  0/0    18:22   5:46   1:20 
Dmitri Voronkov          2  2  4   0  0   6  2  0  0  0  0/1    15:06   5:38   0:00 
Eetu Luostarinen         1  0  1   0  0   2  1  0  0  1  1/1    13:05   0:00   3:19 
Emil Heineman            0  1  1   0  0   3  0  0  0  0  0/1    11:01   0:00   0:41 
Jack Roslovic            0  2  2   0  0   2  1  0  1  0  2/6    14:16   5:38   0:00 
Jean-Gabriel Pageau      0  1  1   0  0   2  3  2  0  0  2/9    13:29   0:00   3:00 
John-Jason Peterka       0  1  1  -1  5   3  0  1  0  0  0/1    16:43   4:21   0:00 
Jordan Spence            0  1  1  -1  0   0  3  0  0  0  0/0    19:24   5:46   1:06 
Kris Letang              1  0  1   1  0   1  2  1  2  2  0/0    25:31   6:05   2:58 
Marco Kasper             0  2  2  -1  2   2  4  0  0  0  12/25  15:44   5:53   0:00 
Matthew Tkachuk          1  0  1  -1  2   2  3  0  0  0  0/1    19:21   6:13   0:00 
Pius Suter               1  0  1  -1  0   3  0  0  1  2  13/31  22:49   6:13   3:22 
Rasmus Ristolainen       0  0  0  -1  0   0  0  0  0  0  0/0    16:23   0:00   3:21 
Simon Benoit             0  0  0  -1  7   1  1  0  0  0  0/0    18:53   0:00   2:24 
Yegor Chinakhov          0  1  1   0  0   2  3  0  1  0  0/1    10:57   1:08   0:00 
Yegor Sharangovich       0  0  0   1  0   2  1  0  0  0  0/0     9:01   0:29   0:05 

Players Stats for Vegas Golden Knights

Player Name              G  A  P  +/- PIM S  H  SB GA TA FO     MP     PP MP  PK MP  
------------------------------------------------------------------------------------
Andreas Athanasiou       1  0  1   0  2   1  3  0  0  0  9/15   12:20   0:07   5:14 
Anthony Mantha           0  1  1   1  0   0  1  1  0  0  0/1     8:51   2:53   0:00 
Auston Matthews          0  0  0   0  0   1  2  1  0  0  3/5    18:50   3:12   2:53 
Bryan Rust               0  0  0   0  0   3  0  0  1  0  2/2    15:11   3:12   0:01 
Erik Johnson             1  0  1  -1  0   1  3  0  0  0  0/0    18:09   0:00   5:33 
Jack Johnson             0  0  0  -1  0   3  3  1  0  2  0/0    27:18   3:01   7:11 
Jared McCann             0  0  0   0  0   1  1  0  0  0  0/0    14:30   3:11   0:00 
Jordan Staal             0  2  2   1  4   0  0  1  1  0  11/13  15:02   0:07   3:49 
Mathew Barzal            1  1  2   1  0   2  5  0  3  1  0/0    16:32   3:27   1:22 
Mathieu Olivier          0  1  1   0  0   0  1  1  0  0  0/1    11:58   0:00   5:26 
Mika Zibanejad           0  0  0  -1  2   3  1  0  0  0  11/15  15:35   3:12   0:00 
Reilly Smith             0  1  1   1  2   4  1  0  0  0  0/1    16:18   0:07   5:13 
Roman Josi               0  0  0   0  0   0  0  0  0  0  0/0     2:40   0:00   1:28 
Sean Monahan             0  0  0   0  2   5  3  1  0  0  11/24  14:29   3:10   0:00 
Thomas Chabot            0  0  0   2  5   1  2  3  1  2  0/0    28:44   3:29   4:05 
Travis Hamonic           0  0  0   1  7   0  2  4  0  0  0/0    16:04   0:00   0:16 
Tyler Toffoli            0  0  0   0  4   5  0  0  0  0  0/0    14:28   3:11   0:00 
Zach Bogosian            0  0  0   1  4   2  1  0  0  0  0/0    19:31   0:10   4:53 

3 Stars

1 - Dmitri Voronkov (NSH)
2 - Mathew Barzal (VGK)
3 - Kris Letang (NSH)

Power Play

Nashville Predators - 5 on 11 Attempt(s) - 45.45%
Vegas Golden Knights - 0 on 4 Attempt(s) - 0.00%

Penalty Kill

Nashville Predators - 4 on 4 Attempt(s) - 100.00% - Score 0 goal in Penalty Kill
Vegas Golden Knights - 6 on 11 Attempt(s) - 54.55% - Score 0 goal in Penalty Kill

Team Stat

Nashville Predators - Hits : 26 - Faceoff Wins : 30 - Blocked Shots : 6 - Penalty Minutes : 18
Vegas Golden Knights - Hits : 29 - Faceoff Wins : 47 - Blocked Shots : 13 - Penalty Minutes : 32

Official

Referees : Justin St. Pierre and Kelly Sutherland
Linesman : Trent Knorr and Tyson Baker

Game Notes

Roman Josi is injured at 4:46 of 1st period (Sports Hernia)
Simon Benoit beats up Thomas Chabot at 15:40 of 3rd period
Travis Hamonic beats up John-Jason Peterka at 16:09 of 3rd period

Finance

Level 1 -- Attendance: 5476 (91.27%) -- Ticket Income $520,220
Level 2 -- Attendance: 4875 (97.50%) -- Ticket Income $268,125
Level 3 -- Attendance: 2706 (90.20%) -- Ticket Income $81,180
Level 4 -- Attendance: 4956 (99.12%) -- Ticket Income $99,120
Luxury Box -- Attendance: 1000 (100.00%) -- Ticket Income $190,000
Game was played at the T-Mobile Arena.
Total Attendance: 19013 (95.07%)
Total Ticket Income: $1,158,645
Other Income: $405,526
Total Income: $1,564,171

Nashville Predators

5 vs 5 Forward 
   Center                   Left Wing                Right Wing               Time % Phy DF OF 
 1 Pius Suter               Matthew Tkachuk          John-Jason Peterka       30     1   2  2  
 2 Jean-Gabriel Pageau      Dmitri Voronkov          Yegor Chinakhov          25     1   2  2  
 3 Marco Kasper             Emil Heineman            Eetu Luostarinen         25     1   2  2  
 4 Jack Roslovic            Alexey Toropchenko       Yegor Sharangovich       20     1   2  2  

5 vs 5 Defense 
   Defense                  Defense                                           Time % Phy DF OF 
 1 Rasmus Ristolainen       Simon Benoit                                      30     1   2  2  
 2 Alex Pietrangelo         Jordan Spence                                     30     1   2  2  
 3 Brandon Montour          Kris Letang                                       25     1   2  2  
 4 Kris Letang              Simon Benoit                                      15     1   2  2  

PowerPlay Forward 
   Center                   Left Wing                Right Wing               Time % Phy DF OF 
 1 Pius Suter               Matthew Tkachuk          John-Jason Peterka       50     0   2  3  
 2 Marco Kasper             Dmitri Voronkov          Jack Roslovic            50     1   2  2  

PowerPlay Defense
   Defense                  Defense                                           Time % Phy DF OF 
 1 Brandon Montour          Jordan Spence                                     50     1   2  2  
 2 Alex Pietrangelo         Kris Letang                                       50     1   2  2  

Penalty Kill 4 Players Forward 
   Center                   Wing                     Time % Phy DF OF 
 1 Pius Suter               Eetu Luostarinen         50     1   2  2  
 2 Jean-Gabriel Pageau      Alexey Toropchenko       50     1   2  2  

Penalty Kill 4 Players Defense
   Defense                  Defense                  Time % Phy DF OF 
 1 Simon Benoit             Rasmus Ristolainen       50     1   2  2  
 2 Alex Pietrangelo         Kris Letang              50     1   2  2  

Penalty Kill - 3 Players Forward 
   Forward                                           Time % Phy DF OF 
 1 Pius Suter                                        50     1   2  2  
 2 Jean-Gabriel Pageau                               50     1   2  2  

Penalty Kill - 3 Players Defense
   Defense                  Defense                  Time % Phy DF OF 
 1 Simon Benoit             Rasmus Ristolainen       50     1   2  2  
 2 Alex Pietrangelo         Kris Letang              50     1   2  2  

4 vs 4 Forward 
   Center                   Wing                     Time % Phy DF OF 
 1 Pius Suter               Matthew Tkachuk          50     1   2  2  
 2 Jean-Gabriel Pageau      John-Jason Peterka       50     1   2  2  

4 vs 4 Defense
   Defense                  Defense                  Time % Phy DF OF 
 1 Rasmus Ristolainen       Simon Benoit             50     1   2  2  
 2 Alex Pietrangelo         Kris Letang              50     1   2  2  

Last Minutes Offensive
   Center                   Left Wing                Right Wing               Defense                  Defense                  
   Pius Suter               Matthew Tkachuk          John-Jason Peterka       Brandon Montour          Jordan Spence            

Last Minutes Defensive
   Center                   Left Wing                Right Wing               Defense                  Defense                  
   Jean-Gabriel Pageau      Pius Suter               Eetu Luostarinen         Simon Benoit             Rasmus Ristolainen       

Goaltenders
Starting : Thatcher Demko           
Backup : Anthony Stolarz          

Extra Forwards
Normal : Jack Roslovic, Marco Kasper, Dmitri Voronkov - PP : Marco Kasper, Yegor Chinakhov - PK : Emil Heineman
Extra Defensemen
Normal : Brandon Montour, Jordan Spence, Alex Pietrangelo - PP : Rasmus Ristolainen - PK : Brandon Montour, Jordan Spence
Penalty Shots
John-Jason Peterka, Jean-Gabriel Pageau, Pius Suter, Dmitri Voronkov, Eetu Luostarinen

Scratches
Dante Fabbro (Healthy), Parker Wotherspoon (Healthy), Cayden Primeau (Healthy), Henrik Tikkanen (Healthy), Mads Sogaard (Healthy)

Vegas Golden Knights

5 vs 5 Forward 
   Center                   Left Wing                Right Wing               Time % Phy DF OF 
 1 Mika Zibanejad           Auston Matthews          Bryan Rust               30     1   2  2  
 2 Sean Monahan             Jared McCann             Tyler Toffoli            30     1   2  2  
 3 Jordan Staal             Mathew Barzal            Reilly Smith             25     1   2  2  
 4 Andreas Athanasiou       Anthony Mantha           Mathieu Olivier          15     1   2  2  

5 vs 5 Defense 
   Defense                  Defense                                           Time % Phy DF OF 
 1 Roman Josi               Zach Bogosian                                     35     1   2  2  
 2 Thomas Chabot            Travis Hamonic                                    35     1   2  2  
 3 Jack Johnson             Erik Johnson                                      30     1   2  2  
 4 Roman Josi               Thomas Chabot                                     0      1   2  2  

PowerPlay Forward 
   Center                   Left Wing                Right Wing               Time % Phy DF OF 
 1 Mika Zibanejad           Auston Matthews          Bryan Rust               50     1   2  2  
 2 Sean Monahan             Jared McCann             Tyler Toffoli            50     1   2  2  

PowerPlay Defense
   Defense                  Defense                                           Time % Phy DF OF 
 1 Mathew Barzal            Roman Josi                                        50     1   2  2  
 2 Anthony Mantha           Thomas Chabot                                     50     1   2  2  

Penalty Kill 4 Players Forward 
   Center                   Wing                     Time % Phy DF OF 
 1 Jordan Staal             Reilly Smith             50     1   2  2  
 2 Andreas Athanasiou       Mathieu Olivier          50     1   2  2  

Penalty Kill 4 Players Defense
   Defense                  Defense                  Time % Phy DF OF 
 1 Thomas Chabot            Zach Bogosian            50     1   2  2  
 2 Jack Johnson             Erik Johnson             50     1   2  2  

Penalty Kill - 3 Players Forward 
   Forward                                           Time % Phy DF OF 
 1 Jordan Staal                                      50     1   2  2  
 2 Andreas Athanasiou                                50     1   2  2  

Penalty Kill - 3 Players Defense
   Defense                  Defense                  Time % Phy DF OF 
 1 Thomas Chabot            Zach Bogosian            50     1   2  2  
 2 Jack Johnson             Erik Johnson             50     1   2  2  

4 vs 4 Forward 
   Center                   Wing                     Time % Phy DF OF 
 1 Mika Zibanejad           Auston Matthews          50     1   2  2  
 2 Sean Monahan             Bryan Rust               50     1   2  2  

4 vs 4 Defense
   Defense                  Defense                  Time % Phy DF OF 
 1 Roman Josi               Zach Bogosian            50     1   2  2  
 2 Thomas Chabot            Travis Hamonic           50     1   2  2  

Last Minutes Offensive
   Center                   Left Wing                Right Wing               Defense                  Defense                  
   Mika Zibanejad           Auston Matthews          Bryan Rust               Roman Josi               Thomas Chabot            

Last Minutes Defensive
   Center                   Left Wing                Right Wing               Defense                  Defense                  
   Jordan Staal             Auston Matthews          Bryan Rust               Thomas Chabot            Zach Bogosian            

Goaltenders
Starting : Mackenzie Blackwood      
Backup : Philipp Grubauer         

Extra Forwards
Normal : Sean Monahan, Auston Matthews, Mika Zibanejad - PP : Jordan Staal, Reilly Smith - PK : Auston Matthews
Extra Defensemen
Normal : Thomas Chabot, Roman Josi, Zach Bogosian - PP : Thomas Chabot - PK : Roman Josi, Thomas Chabot
Penalty Shots
Auston Matthews, Mika Zibanejad, Bryan Rust, Sean Monahan, Tyler Toffoli

Scratches
Brendan Smith (Healthy), Shea Theodore (Torso Injury), Cole Smith (Healthy)

% Time on Ice - Nashville Predators

Lines # - Real PCT - Wanted PCT - Time Play
Normal Forward
1 - 31% - 30% - 12:37
2 - 26% - 25% - 10:20
3 - 24% - 25% - 9:46
4 - 19% - 20% - 7:30
Normal Defense
1 - 32% - 30% - 12:49
2 - 32% - 30% - 12:52
3 - 25% - 25% - 9:53
4 - 12% - 15% - 4:39
PP Forward
1 - 52% - 50% - 6:13
2 - 48% - 50% - 5:38
PP Defense
1 - 49% - 50% - 5:46
2 - 51% - 50% - 6:05
PK Forward
1 - 52% - 50% - 3:22
2 - 48% - 50% - 3:08
PK Defense
1 - 54% - 50% - 3:32
2 - 46% - 50% - 2:58
PK3 Forward
1 - 0% - 50%
2 - 0% - 50%
PK3 Defense
1 - 0% - 50%
2 - 0% - 50%
44 Forward
1 - 53% - 50% - 0:46
2 - 47% - 50% - 0:40
44 Defense
1 - 36% - 50% - 0:31
2 - 64% - 50% - 0:55
Last Minute Offensive  - 0:00
Last Minute Defensive  - 0:00
Total
Forward - 60:00
Defense - 60:00

% Time on Ice - Vegas Golden Knights

Lines # - Real PCT - Wanted PCT - Time Play
Normal Forward
1 - 30% - 30% - 11:55
2 - 30% - 30% - 12:04
3 - 26% - 25% - 10:16
4 - 15% - 15% - 5:58
Normal Defense
1 - 36% - 35% - 14:22
2 - 34% - 35% - 13:37
3 - 27% - 30% - 10:40
4 - 4% - 0% - 1:34
PP Forward
1 - 50% - 50% - 3:14
2 - 50% - 50% - 3:16
PP Defense
1 - 56% - 50% - 3:37
2 - 44% - 50% - 2:53
PK Forward
1 - 53% - 50% - 6:15
2 - 47% - 50% - 5:36
PK Defense
1 - 58% - 50% - 6:53
2 - 42% - 50% - 4:58
PK3 Forward
1 - 0% - 50%
2 - 0% - 50%
PK3 Defense
1 - 0% - 50%
2 - 0% - 50%
44 Forward
1 - 28% - 50% - 0:24
2 - 72% - 50% - 1:02
44 Defense
1 - 64% - 50% - 0:55
2 - 36% - 50% - 0:31
Last Minute Offensive  - 0:00
Last Minute Defensive  - 0:00
Total
Forward - 60:00
Defense - 60:00

Play-by-Play

1st period


0:01 of 1st period - Mika Zibanejad wins face-off versus Pius Suter in neutral zone.
0:08 of 1st period - Snap shot by Bryan Rust.
0:08 of 1st period - Stopped by Thatcher Demko with a rebound.
0:10 of 1st period - Slapshot by Auston Matthews.
0:10 of 1st period - Stopped by Thatcher Demko with a rebound.
0:26 of 1st period - Rasmus Ristolainen is hit by Sean Monahan and loses puck.
0:32 of 1st period - Off-side.
0:33 of 1st period - Marco Kasper wins face-off versus Jordan Staal in neutral zone.
0:42 of 1st period - Wrist shot by Emil Heineman.
0:42 of 1st period - Shot Misses the Net.
1:24 of 1st period - Jared McCann is hit by Dmitri Voronkov and loses puck.
2:08 of 1st period - Snap shot by Reilly Smith.
2:08 of 1st period - Stopped by Thatcher Demko without a rebound.
2:09 of 1st period - Jordan Staal wins face-off versus Jack Roslovic in Nashville Predators zone.
2:10 of 1st period - Wrist shot by Mathew Barzal.
2:10 of 1st period - Shot Hit the Post.
2:20 of 1st period - Snap shot by Mathew Barzal.
2:20 of 1st period - Shot Misses the Net.
2:25 of 1st period - Minor Penalty to Zach Bogosian for Tripping.
2:26 of 1st period - Jordan Staal wins face-off versus Pius Suter in Vegas Golden Knights zone.
2:35 of 1st period - Off-side.
2:36 of 1st period - Andreas Athanasiou wins face-off versus Pius Suter in neutral zone.
3:29 of 1st period - Snap shot by Pius Suter.
3:29 of 1st period - Shot Misses the Net.
3:45 of 1st period - Wrist shot by Pius Suter.
3:45 of 1st period - Stopped by Mackenzie Blackwood without a rebound.
3:46 of 1st period - Andreas Athanasiou wins face-off versus Marco Kasper in Vegas Golden Knights zone.
4:01 of 1st period - Thomas Chabot is hit by Marco Kasper and loses puck.
4:25 of 1st period - Penalty to Zach Bogosian is over, Zach Bogosian is back on ice.
4:45 of 1st period - Roman Josi is hit by Kris Letang and loses puck.
4:46 of 1st period - Roman Josi from Vegas Golden Knights is injured at 4:46 of 1st period (Sports Hernia).
4:47 of 1st period - Mika Zibanejad wins face-off versus Pius Suter in Vegas Golden Knights zone.
4:54 of 1st period - Snap shot by Matthew Tkachuk.
4:54 of 1st period - Shot Misses the Net.
5:13 of 1st period - Jared McCann is hit by Dmitri Voronkov and loses puck.
5:57 of 1st period - Alexey Toropchenko is hit by Mathieu Olivier and loses puck.
6:22 of 1st period - Slapshot by Bryan Rust.
6:22 of 1st period - Shot Misses the Net.
7:04 of 1st period - Slapshot by Emil Heineman.
7:04 of 1st period - Stopped by Mackenzie Blackwood with a rebound.
7:20 of 1st period - Snap shot by Yegor Sharangovich.
7:20 of 1st period - Stopped by Mackenzie Blackwood with a rebound.
7:22 of 1st period - Slapshot by Alexey Toropchenko.
7:22 of 1st period - Shot Misses the Net.
8:14 of 1st period - Simon Benoit is hit by Sean Monahan.
8:34 of 1st period - Alexey Toropchenko is hit by Travis Hamonic and loses puck.
9:09 of 1st period - Yegor Chinakhov is hit by Mathew Barzal and loses puck.
9:35 of 1st period - Andreas Athanasiou is hit by Yegor Sharangovich and loses puck.
9:54 of 1st period - Snap shot by Sean Monahan.
9:54 of 1st period - Stopped by Thatcher Demko with a rebound.
10:13 of 1st period - Minor Penalty to Jordan Staal for Tripping.
10:14 of 1st period - Andreas Athanasiou wins face-off versus Marco Kasper in Vegas Golden Knights zone.
10:45 of 1st period - Erik Johnson is hit by Jordan Spence and loses puck.
11:57 of 1st period - Matthew Tkachuk is hit by Mathew Barzal and loses puck.
12:03 of 1st period - Icing by Pius Suter.
12:04 of 1st period - Auston Matthews wins face-off versus John-Jason Peterka in Nashville Predators zone.
12:13 of 1st period - Penalty to Jordan Staal is over, Jordan Staal is back on ice.
13:07 of 1st period - Slapshot by Andreas Athanasiou.
13:07 of 1st period - Goal by Andreas Athanasiou - Nashville Predators : 0 - Vegas Golden Knights : 1.
13:08 of 1st period - Mika Zibanejad wins face-off versus Pius Suter in neutral zone.
13:19 of 1st period - Snap shot by Bryan Rust.
13:19 of 1st period - Stopped by Thatcher Demko without a rebound.
13:20 of 1st period - Jordan Staal wins face-off versus Pius Suter in Nashville Predators zone.
13:33 of 1st period - Snap shot by Mathew Barzal.
13:33 of 1st period - Shot Misses the Net.
13:35 of 1st period - Minor Penalty to Matthew Tkachuk for Interference.
13:36 of 1st period - Pius Suter wins face-off versus Mika Zibanejad in Nashville Predators zone.
13:51 of 1st period - Eetu Luostarinen is hit by Thomas Chabot and loses puck.
15:35 of 1st period - Penalty to Matthew Tkachuk is over, Matthew Tkachuk is back on ice.
16:01 of 1st period - Matthew Tkachuk is hit by Zach Bogosian and loses puck.
16:08 of 1st period - Reilly Smith is hit by Matthew Tkachuk.
16:18 of 1st period - Andreas Athanasiou is hit by Eetu Luostarinen and loses puck.
16:45 of 1st period - Jack Johnson is hit by Matthew Tkachuk and loses puck.
16:53 of 1st period - Icing by Sean Monahan.
16:54 of 1st period - Jack Roslovic wins face-off versus Andreas Athanasiou in Vegas Golden Knights zone.
16:57 of 1st period - Wrist shot by Yegor Sharangovich.
16:57 of 1st period - Shot Blocked by Mathieu Olivier.
16:59 of 1st period - Slapshot by Jack Roslovic.
16:59 of 1st period - Stopped by Mackenzie Blackwood without a rebound.
17:00 of 1st period - Andreas Athanasiou wins face-off versus Jack Roslovic in Vegas Golden Knights zone.
17:06 of 1st period - Icing by Travis Hamonic.
17:07 of 1st period - Pius Suter wins face-off versus Anthony Mantha in Vegas Golden Knights zone.
17:08 of 1st period - Snap shot by John-Jason Peterka.
17:08 of 1st period - Stopped by Mackenzie Blackwood without a rebound.
17:09 of 1st period - Sean Monahan wins face-off versus Pius Suter in Vegas Golden Knights zone.
17:15 of 1st period - Icing by Pius Suter.
17:16 of 1st period - Sean Monahan wins face-off versus Pius Suter in Nashville Predators zone.
17:54 of 1st period - Pius Suter is hit by Erik Johnson and loses puck.
17:59 of 1st period - Slapshot by Tyler Toffoli.
17:59 of 1st period - Stopped by Thatcher Demko with a rebound.
18:01 of 1st period - Slapshot by Jack Johnson.
18:01 of 1st period - Shot Misses the Net.
18:03 of 1st period - Slapshot by Zach Bogosian.
18:03 of 1st period - Deflect By Tyler Toffoli.
18:03 of 1st period - Shot Misses the Net.
18:03 of 1st period - Puck is out of play.
18:04 of 1st period - Bryan Rust wins face-off versus Emil Heineman in Nashville Predators zone.
18:34 of 1st period - Off-side.
18:35 of 1st period - Jordan Staal wins face-off versus Jean-Gabriel Pageau in neutral zone.
18:44 of 1st period - Wrist shot by Reilly Smith.
18:44 of 1st period - Stopped by Thatcher Demko with a rebound.
18:46 of 1st period - Slapshot by Jack Johnson.
18:46 of 1st period - Stopped by Thatcher Demko with a rebound.
18:48 of 1st period - Slapshot by Jack Johnson.
18:48 of 1st period - Stopped by Thatcher Demko with a rebound.
18:56 of 1st period - Slapshot by Mathew Barzal.
18:56 of 1st period - Shot Blocked by Kris Letang.
18:58 of 1st period - Wrist shot by Reilly Smith.
18:58 of 1st period - Shot Blocked by Jean-Gabriel Pageau.
19:00 of 1st period - Slapshot by Thomas Chabot.
19:00 of 1st period - Stopped by Thatcher Demko without a rebound.
19:01 of 1st period - Mika Zibanejad wins face-off versus Marco Kasper in Nashville Predators zone.
19:56 of 1st period - Minor Penalty to Andreas Athanasiou for Roughing.
19:57 of 1st period - Marco Kasper wins face-off versus Auston Matthews in Vegas Golden Knights zone.
Goals for this period are 0 for Nashville Predators vs 1 for Vegas Golden Knights.
Shots for this period are 5 for Nashville Predators vs 11 for Vegas Golden Knights.

2nd period


0:01 of 2nd period - Marco Kasper wins face-off versus Auston Matthews in neutral zone.
0:04 of 2nd period - Wrist shot by Marco Kasper.
0:04 of 2nd period - Shot Blocked by Auston Matthews.
0:08 of 2nd period - Snap shot by Dmitri Voronkov.
0:08 of 2nd period - Goal by Dmitri Voronkov - Nashville Predators : 1 - Vegas Golden Knights : 1.
0:09 of 2nd period - Mika Zibanejad wins face-off versus Marco Kasper in neutral zone.
0:14 of 2nd period - Snap shot by Eetu Luostarinen.
0:14 of 2nd period - Shot Misses the Net.
0:16 of 2nd period - Slapshot by Simon Benoit.
0:16 of 2nd period - Stopped by Mackenzie Blackwood without a rebound.
0:17 of 2nd period - Marco Kasper wins face-off versus Mika Zibanejad in Vegas Golden Knights zone.
0:32 of 2nd period - Wrist shot by Eetu Luostarinen.
0:32 of 2nd period - Shot Blocked by Travis Hamonic.
0:44 of 2nd period - Wrist shot by Bryan Rust.
0:44 of 2nd period - Stopped by Thatcher Demko without a rebound.
0:45 of 2nd period - Sean Monahan wins face-off versus Jean-Gabriel Pageau in Nashville Predators zone.
0:56 of 2nd period - Snap shot by Jared McCann.
0:56 of 2nd period - Shot Blocked by Jean-Gabriel Pageau.
0:58 of 2nd period - Slapshot by Jack Johnson.
0:58 of 2nd period - Deflect By Tyler Toffoli.
0:58 of 2nd period - Stopped by Thatcher Demko with a rebound.
1:00 of 2nd period - Wrist shot by Tyler Toffoli.
1:00 of 2nd period - Shot Misses the Net.
1:02 of 2nd period - Slapshot by Sean Monahan.
1:02 of 2nd period - Stopped by Thatcher Demko with a rebound.
1:09 of 2nd period - Icing by Dmitri Voronkov.
1:10 of 2nd period - Pius Suter wins face-off versus Mika Zibanejad in Nashville Predators zone.
1:10 of 2nd period - Pius Suter is hit by Thomas Chabot.
1:29 of 2nd period - Minor Penalty to Mika Zibanejad for Roughing.
1:30 of 2nd period - Andreas Athanasiou wins face-off versus Marco Kasper in Vegas Golden Knights zone.
3:29 of 2nd period - Penalty to Mika Zibanejad is over, Mika Zibanejad is back on ice.
3:48 of 2nd period - Snap shot by Andreas Athanasiou.
3:48 of 2nd period - Shot Misses the Net.
4:02 of 2nd period - Wrist shot by Eetu Luostarinen.
4:02 of 2nd period - Goal by Eetu Luostarinen - Nashville Predators : 2 - Vegas Golden Knights : 1.
4:03 of 2nd period - Jordan Staal wins face-off versus Pius Suter in neutral zone.
4:06 of 2nd period - Slapshot by Reilly Smith.
4:06 of 2nd period - Stopped by Thatcher Demko with a rebound.
4:08 of 2nd period - Wrist shot by Reilly Smith.
4:08 of 2nd period - Deflect By Mathew Barzal.
4:08 of 2nd period - Goal by Mathew Barzal - Nashville Predators : 2 - Vegas Golden Knights : 2.
4:09 of 2nd period - Auston Matthews wins face-off versus Marco Kasper in neutral zone.
4:18 of 2nd period - Snap shot by Mika Zibanejad.
4:18 of 2nd period - Stopped by Thatcher Demko with a rebound.
4:20 of 2nd period - Slapshot by Mika Zibanejad.
4:20 of 2nd period - Stopped by Thatcher Demko with a rebound.
5:01 of 2nd period - Thomas Chabot is hit by Jean-Gabriel Pageau and loses puck.
5:43 of 2nd period - Zach Bogosian is hit by Marco Kasper and loses puck.
5:48 of 2nd period - Wrist shot by Eetu Luostarinen.
5:48 of 2nd period - Shot Blocked by Jack Johnson.
6:22 of 2nd period - Minor Penalty to Zach Bogosian for Interference.
6:23 of 2nd period - Marco Kasper wins face-off versus Andreas Athanasiou in Vegas Golden Knights zone.
6:24 of 2nd period - Wrist shot by Dmitri Voronkov.
6:24 of 2nd period - Stopped by Mackenzie Blackwood without a rebound.
6:25 of 2nd period - Marco Kasper wins face-off versus Andreas Athanasiou in Vegas Golden Knights zone.
6:36 of 2nd period - Slapshot by Dmitri Voronkov.
6:36 of 2nd period - Shot Blocked by Travis Hamonic.
6:38 of 2nd period - Snap shot by Alex Pietrangelo.
6:38 of 2nd period - Deflect By Travis Hamonic.
6:38 of 2nd period - Goal by Alex Pietrangelo - Nashville Predators : 3 - Vegas Golden Knights : 2.
6:39 of 2nd period - Mika Zibanejad wins face-off versus Marco Kasper in neutral zone.
6:39 of 2nd period - Mika Zibanejad is hit by Marco Kasper.
7:07 of 2nd period - Slapshot by Jean-Gabriel Pageau.
7:07 of 2nd period - Stopped by Mackenzie Blackwood with a rebound.
7:09 of 2nd period - Snap shot by Dmitri Voronkov.
7:09 of 2nd period - Shot Misses the Net.
7:11 of 2nd period - Slapshot by Brandon Montour.
7:11 of 2nd period - Deflect By Dmitri Voronkov.
7:11 of 2nd period - Shot Misses the Net.
7:11 of 2nd period - Puck is out of play.
7:12 of 2nd period - Jordan Staal wins face-off versus Jean-Gabriel Pageau in Vegas Golden Knights zone.
7:33 of 2nd period - Snap shot by Yegor Chinakhov.
7:33 of 2nd period - Shot Blocked by Jordan Staal.
7:35 of 2nd period - Snap shot by Yegor Chinakhov.
7:35 of 2nd period - Shot Misses the Net.
7:37 of 2nd period - Wrist shot by Jean-Gabriel Pageau.
7:37 of 2nd period - Deflect By Dmitri Voronkov.
7:37 of 2nd period - Stopped by Mackenzie Blackwood with a rebound.
7:39 of 2nd period - Wrist shot by Dmitri Voronkov.
7:39 of 2nd period - Goal by Dmitri Voronkov - Nashville Predators : 4 - Vegas Golden Knights : 2.
7:40 of 2nd period - Sean Monahan wins face-off versus Pius Suter in neutral zone.
7:51 of 2nd period - Wrist shot by Sean Monahan.
7:51 of 2nd period - Deflect By Tyler Toffoli.
7:51 of 2nd period - Stopped by Thatcher Demko without a rebound.
7:52 of 2nd period - Pius Suter wins face-off versus Sean Monahan in Nashville Predators zone.
8:09 of 2nd period - Snap shot by Tyler Toffoli.
8:09 of 2nd period - Stopped by Thatcher Demko with a rebound.
8:18 of 2nd period - Icing by Kris Letang.
8:19 of 2nd period - Bryan Rust wins face-off versus Marco Kasper in Nashville Predators zone.
8:28 of 2nd period - Bryan Rust is hit by Marco Kasper.
8:34 of 2nd period - Snap shot by Emil Heineman.
8:34 of 2nd period - Stopped by Mackenzie Blackwood with a rebound.
8:49 of 2nd period - Reilly Smith is hit by Jordan Spence and loses puck.
9:16 of 2nd period - Matthew Tkachuk is hit by Anthony Mantha and loses puck.
9:20 of 2nd period - John-Jason Peterka is hit by Andreas Athanasiou and loses puck.
9:37 of 2nd period - Snap shot by Yegor Chinakhov.
9:37 of 2nd period - Stopped by Mackenzie Blackwood without a rebound.
9:38 of 2nd period - Eetu Luostarinen wins face-off versus Sean Monahan in Vegas Golden Knights zone.
9:45 of 2nd period - Wrist shot by Eetu Luostarinen.
9:45 of 2nd period - Shot Blocked by Thomas Chabot.
9:47 of 2nd period - Snap shot by Eetu Luostarinen.
9:47 of 2nd period - Stopped by Mackenzie Blackwood without a rebound.
9:48 of 2nd period - Marco Kasper wins face-off versus Mika Zibanejad in Vegas Golden Knights zone.
10:42 of 2nd period - Wrist shot by Marco Kasper.
10:42 of 2nd period - Stopped by Mackenzie Blackwood without a rebound.
10:43 of 2nd period - Jordan Staal wins face-off versus Pius Suter in Vegas Golden Knights zone.
10:54 of 2nd period - Wrist shot by Matthew Tkachuk.
10:54 of 2nd period - Shot Hit the Post.
10:56 of 2nd period - Snap shot by Pius Suter.
10:56 of 2nd period - Stopped by Mackenzie Blackwood with a rebound.
10:58 of 2nd period - Slapshot by Matthew Tkachuk.
10:58 of 2nd period - Shot Misses the Net.
11:08 of 2nd period - Mathew Barzal is hit by Kris Letang and loses puck.
11:17 of 2nd period - Yegor Chinakhov is hit by Mathew Barzal and loses puck.
11:36 of 2nd period - Wrist shot by Mathew Barzal.
11:36 of 2nd period - Stopped by Thatcher Demko with a rebound.
11:38 of 2nd period - Wrist shot by Mathew Barzal.
11:38 of 2nd period - Shot Misses the Net.
11:40 of 2nd period - Slapshot by Erik Johnson.
11:40 of 2nd period - Goal by Erik Johnson - Nashville Predators : 4 - Vegas Golden Knights : 3.
11:41 of 2nd period - Jack Roslovic wins face-off versus Sean Monahan in neutral zone.
11:44 of 2nd period - Slapshot by Yegor Sharangovich.
11:44 of 2nd period - Shot Misses the Net.
11:52 of 2nd period - Wrist shot by Yegor Sharangovich.
11:52 of 2nd period - Shot Blocked by Travis Hamonic.
12:31 of 2nd period - Mathieu Olivier is hit by Jean-Gabriel Pageau and loses puck.
12:46 of 2nd period - Snap shot by Marco Kasper.
12:46 of 2nd period - Stopped by Mackenzie Blackwood without a rebound.
12:47 of 2nd period - Jordan Staal wins face-off versus Jack Roslovic in Vegas Golden Knights zone.
13:06 of 2nd period - Jordan Staal is hit by Jack Roslovic and loses puck.
13:29 of 2nd period - Jordan Staal is hit by Brandon Montour and loses puck.
14:01 of 2nd period - Minor Penalty to Alex Pietrangelo for Roughing.
14:02 of 2nd period - Pius Suter wins face-off versus Sean Monahan in Nashville Predators zone.
14:32 of 2nd period - Pius Suter is hit by Auston Matthews and loses puck.
14:43 of 2nd period - Jean-Gabriel Pageau is hit by Mathew Barzal and loses puck.
15:46 of 2nd period - Tyler Toffoli is hit by Simon Benoit and loses puck.
15:59 of 2nd period - Wrist shot by Jean-Gabriel Pageau.
15:59 of 2nd period - Shot Misses the Net.
16:01 of 2nd period - Penalty to Alex Pietrangelo is over, Alex Pietrangelo is back on ice.
16:27 of 2nd period - Anthony Mantha is hit by Jean-Gabriel Pageau and loses puck.
18:24 of 2nd period - Slapshot by Jack Roslovic.
18:24 of 2nd period - Stopped by Mackenzie Blackwood with a rebound.
18:26 of 2nd period - Snap shot by Alexey Toropchenko.
18:26 of 2nd period - Stopped by Mackenzie Blackwood without a rebound.
18:27 of 2nd period - Sean Monahan wins face-off versus Marco Kasper in Vegas Golden Knights zone.
18:38 of 2nd period - Icing by Eetu Luostarinen.
18:39 of 2nd period - Sean Monahan wins face-off versus Marco Kasper in Nashville Predators zone.
18:48 of 2nd period - Snap shot by Sean Monahan.
18:48 of 2nd period - Stopped by Thatcher Demko without a rebound.
18:49 of 2nd period - Sean Monahan wins face-off versus Pius Suter in Nashville Predators zone.
19:02 of 2nd period - Snap shot by Matthew Tkachuk.
19:02 of 2nd period - Stopped by Mackenzie Blackwood with a rebound.
19:14 of 2nd period - Thomas Chabot is hit by Yegor Chinakhov and loses puck.
19:27 of 2nd period - Wrist shot by Dmitri Voronkov.
19:27 of 2nd period - Deflect By Sean Monahan.
19:27 of 2nd period - Shot Blocked by Sean Monahan.
19:27 of 2nd period - Puck is out of play.
19:28 of 2nd period - Auston Matthews wins face-off versus Pius Suter in Vegas Golden Knights zone.
Goals for this period are 4 for Nashville Predators vs 2 for Vegas Golden Knights.
Shots for this period are 17 for Nashville Predators vs 12 for Vegas Golden Knights.

3rd period


0:01 of 3rd period - Mika Zibanejad wins face-off versus Matthew Tkachuk in neutral zone.
0:03 of 3rd period - Off-side.
0:04 of 3rd period - Mika Zibanejad wins face-off versus Pius Suter in neutral zone.
0:07 of 3rd period - Slapshot by Thomas Chabot.
0:07 of 3rd period - Shot Blocked by John-Jason Peterka.
0:29 of 3rd period - Snap shot by Auston Matthews.
0:29 of 3rd period - Deflect By Sean Monahan.
0:29 of 3rd period - Stopped by Thatcher Demko without a rebound.
0:30 of 3rd period - Marco Kasper wins face-off versus Sean Monahan in Nashville Predators zone.
0:32 of 3rd period - Minor Penalty to Marco Kasper for High sticking.
0:33 of 3rd period - Mika Zibanejad wins face-off versus Jean-Gabriel Pageau in Nashville Predators zone.
0:47 of 3rd period - Rasmus Ristolainen is hit by Mika Zibanejad and loses puck.
1:05 of 3rd period - Minor Penalty to Sean Monahan for Tripping.
1:06 of 3rd period - Mika Zibanejad wins face-off versus Pius Suter in Vegas Golden Knights zone.
1:12 of 3rd period - Slapshot by Mika Zibanejad.
1:12 of 3rd period - Stopped by Thatcher Demko with a rebound.
1:22 of 3rd period - Slapshot by Matthew Tkachuk.
1:22 of 3rd period - Shot Blocked by Thomas Chabot.
2:32 of 3rd period - Penalty to Marco Kasper is over, Marco Kasper is back on ice.
2:59 of 3rd period - Zach Bogosian is hit by Brandon Montour and loses puck.
3:05 of 3rd period - Penalty to Sean Monahan is over, Sean Monahan is back on ice.
3:12 of 3rd period - Wrist shot by Jared McCann.
3:12 of 3rd period - Stopped by Thatcher Demko with a rebound.
3:14 of 3rd period - Snap shot by Sean Monahan.
3:14 of 3rd period - Shot Blocked by Brandon Montour.
3:16 of 3rd period - Slapshot by Jack Johnson.
3:16 of 3rd period - Deflect By Jack Roslovic.
3:16 of 3rd period - Stopped by Thatcher Demko with a rebound.
3:18 of 3rd period - Wrist shot by Sean Monahan.
3:18 of 3rd period - Shot Misses the Net.
3:20 of 3rd period - Snap shot by Sean Monahan.
3:20 of 3rd period - Stopped by Thatcher Demko without a rebound.
3:21 of 3rd period - Andreas Athanasiou wins face-off versus Jean-Gabriel Pageau in Nashville Predators zone.
4:05 of 3rd period - Minor Penalty to Simon Benoit for Tripping.
4:06 of 3rd period - Jean-Gabriel Pageau wins face-off versus Sean Monahan in Nashville Predators zone.
4:17 of 3rd period - Alex Pietrangelo is hit by Jared McCann and loses puck.
6:05 of 3rd period - Penalty to Simon Benoit is over, Simon Benoit is back on ice.
6:27 of 3rd period - Off-side.
6:28 of 3rd period - Andreas Athanasiou wins face-off versus Dmitri Voronkov in neutral zone.
6:47 of 3rd period - Dmitri Voronkov is hit by Mathew Barzal and loses puck.
7:04 of 3rd period - Snap shot by Eetu Luostarinen.
7:04 of 3rd period - Deflect By Emil Heineman.
7:04 of 3rd period - Stopped by Mackenzie Blackwood without a rebound.
7:05 of 3rd period - Mika Zibanejad wins face-off versus Marco Kasper in Vegas Golden Knights zone.
7:23 of 3rd period - Slapshot by Jordan Spence.
7:23 of 3rd period - Shot Misses the Net.
8:12 of 3rd period - Off-side.
8:13 of 3rd period - Pius Suter wins face-off versus Sean Monahan in neutral zone.
8:22 of 3rd period - Snap shot by Matthew Tkachuk.
8:22 of 3rd period - Shot Blocked by Thomas Chabot.
8:24 of 3rd period - Slapshot by Brandon Montour.
8:24 of 3rd period - Shot Blocked by Travis Hamonic.
8:26 of 3rd period - Slapshot by Matthew Tkachuk.
8:26 of 3rd period - Shot Misses the Net.
8:28 of 3rd period - Wrist shot by Brandon Montour.
8:28 of 3rd period - Stopped by Mackenzie Blackwood without a rebound.
8:29 of 3rd period - Jordan Staal wins face-off versus Yegor Chinakhov in Vegas Golden Knights zone.
8:29 of 3rd period - Jordan Staal is hit by Jordan Spence.
8:39 of 3rd period - Backhand shot by Yegor Chinakhov.
8:39 of 3rd period - Stopped by Mackenzie Blackwood with a rebound.
8:45 of 3rd period - Snap shot by Jean-Gabriel Pageau.
8:45 of 3rd period - Shot Misses the Net.
8:59 of 3rd period - Slapshot by Tyler Toffoli.
8:59 of 3rd period - Stopped by Thatcher Demko without a rebound.
9:00 of 3rd period - Pius Suter wins face-off versus Sean Monahan in Nashville Predators zone.
9:00 of 3rd period - Pius Suter is hit by Sean Monahan.
9:05 of 3rd period - Rasmus Ristolainen is hit by Jack Johnson and loses puck.
9:08 of 3rd period - Minor Penalty to Tyler Toffoli for Slashing.
9:09 of 3rd period - Marco Kasper wins face-off versus Andreas Athanasiou in Vegas Golden Knights zone.
9:43 of 3rd period - Matthew Tkachuk is hit by Andreas Athanasiou and loses puck.
10:01 of 3rd period - Slapshot by Alex Pietrangelo.
10:01 of 3rd period - Deflect By Pius Suter.
10:01 of 3rd period - Goal by Pius Suter - Nashville Predators : 5 - Vegas Golden Knights : 3.
10:02 of 3rd period - Sean Monahan wins face-off versus Jack Roslovic in neutral zone.
10:14 of 3rd period - Minor Penalty to Travis Hamonic for Tripping.
10:15 of 3rd period - Marco Kasper wins face-off versus Andreas Athanasiou in Vegas Golden Knights zone.
10:41 of 3rd period - Erik Johnson is hit by Matthew Tkachuk and loses puck.
10:50 of 3rd period - Wrist shot by Matthew Tkachuk.
10:50 of 3rd period - Goal by Matthew Tkachuk - Nashville Predators : 6 - Vegas Golden Knights : 3.
10:51 of 3rd period - Pius Suter wins face-off versus Sean Monahan in neutral zone.
11:00 of 3rd period - Snap shot by John-Jason Peterka.
11:00 of 3rd period - Stopped by Mackenzie Blackwood without a rebound.
11:01 of 3rd period - Pius Suter wins face-off versus Sean Monahan in Vegas Golden Knights zone.
11:08 of 3rd period - Snap shot by John-Jason Peterka.
11:08 of 3rd period - Deflect By Jared McCann.
11:08 of 3rd period - Shot Misses the Net.
11:08 of 3rd period - Puck is out of play.
11:09 of 3rd period - Pius Suter wins face-off versus Sean Monahan in Vegas Golden Knights zone.
11:34 of 3rd period - Yegor Chinakhov is hit by Travis Hamonic and loses puck.
11:43 of 3rd period - Snap shot by Dmitri Voronkov.
11:43 of 3rd period - Deflect By Jean-Gabriel Pageau.
11:43 of 3rd period - Stopped by Mackenzie Blackwood with a rebound.
11:57 of 3rd period - Rasmus Ristolainen is hit by Erik Johnson and loses puck.
12:18 of 3rd period - Jordan Spence is hit by Andreas Athanasiou and loses puck.
12:29 of 3rd period - Alex Pietrangelo is hit by Jack Johnson and loses puck.
12:46 of 3rd period - Jordan Spence is hit by Auston Matthews and loses puck.
13:14 of 3rd period - Wrist shot by John-Jason Peterka.
13:14 of 3rd period - Stopped by Mackenzie Blackwood without a rebound.
13:15 of 3rd period - Jordan Staal wins face-off versus Jean-Gabriel Pageau in Vegas Golden Knights zone.
13:15 of 3rd period - Mathew Barzal is hit by Yegor Chinakhov.
13:20 of 3rd period - Off-side.
13:21 of 3rd period - Jean-Gabriel Pageau wins face-off versus Jordan Staal in neutral zone.
13:24 of 3rd period - Wrist shot by Dmitri Voronkov.
13:24 of 3rd period - Stopped by Mackenzie Blackwood without a rebound.
13:25 of 3rd period - Jordan Staal wins face-off versus Jean-Gabriel Pageau in Vegas Golden Knights zone.
14:18 of 3rd period - Snap shot by Yegor Chinakhov.
14:18 of 3rd period - Deflect By Jean-Gabriel Pageau.
14:18 of 3rd period - Shot Misses the Net.
14:18 of 3rd period - Puck is out of play.
14:19 of 3rd period - Pius Suter wins face-off versus Sean Monahan in Vegas Golden Knights zone.
14:44 of 3rd period - Emil Heineman is hit by Jack Johnson and loses puck.
15:11 of 3rd period - Snap shot by Jack Roslovic.
15:11 of 3rd period - Shot Blocked by Anthony Mantha.
15:17 of 3rd period - Slapshot by Yegor Sharangovich.
15:17 of 3rd period - Stopped by Mackenzie Blackwood without a rebound.
15:18 of 3rd period - Pius Suter wins face-off versus Sean Monahan in Vegas Golden Knights zone.
15:28 of 3rd period - Minor Penalty to Tyler Toffoli for Roughing.
15:29 of 3rd period - Marco Kasper wins face-off versus Mathieu Olivier in Vegas Golden Knights zone.
15:37 of 3rd period - Slapshot by Dmitri Voronkov.
15:37 of 3rd period - Stopped by Mackenzie Blackwood with a rebound.
15:39 of 3rd period - Slapshot by Kris Letang.
15:39 of 3rd period - Goal by Kris Letang - Nashville Predators : 7 - Vegas Golden Knights : 3.
15:40 of 3rd period - Sean Monahan wins face-off versus Pius Suter in neutral zone.
15:40 of 3rd period - Simon Benoit beats up Thomas Chabot.
15:40 of 3rd period - Penalty to Thomas Chabot for Fighting.
15:40 of 3rd period - Penalty to Simon Benoit for Fighting.
15:41 of 3rd period - Sean Monahan wins face-off versus Pius Suter in neutral zone.
16:09 of 3rd period - Travis Hamonic beats up John-Jason Peterka.
16:09 of 3rd period - Penalty to Travis Hamonic for Fighting.
16:09 of 3rd period - Penalty to John-Jason Peterka for Fighting.
16:10 of 3rd period - Sean Monahan wins face-off versus Pius Suter in Nashville Predators zone.
16:37 of 3rd period - Brandon Montour is hit by Reilly Smith and loses puck.
16:45 of 3rd period - Minor Penalty to Jordan Staal for Hooking.
16:46 of 3rd period - Andreas Athanasiou wins face-off versus Marco Kasper in Vegas Golden Knights zone.
17:17 of 3rd period - Slapshot by Zach Bogosian.
17:17 of 3rd period - Deflect By Matthew Tkachuk.
17:17 of 3rd period - Stopped by Thatcher Demko with a rebound.
17:19 of 3rd period - Slapshot by Zach Bogosian.
17:19 of 3rd period - Stopped by Thatcher Demko without a rebound.
17:20 of 3rd period - Pius Suter wins face-off versus Reilly Smith in Nashville Predators zone.
17:31 of 3rd period - Snap shot by Auston Matthews.
17:31 of 3rd period - Shot Blocked by Alex Pietrangelo.
17:33 of 3rd period - Slapshot by Reilly Smith.
17:33 of 3rd period - Stopped by Thatcher Demko without a rebound.
17:34 of 3rd period - Marco Kasper wins face-off versus Andreas Athanasiou in Nashville Predators zone.
18:16 of 3rd period - Brandon Montour is hit by Erik Johnson and loses puck.
18:45 of 3rd period - Penalty to Jordan Staal is over, Jordan Staal is back on ice.
18:45 of 3rd period - Minor Penalty to Reilly Smith for Slashing.
18:46 of 3rd period - Andreas Athanasiou wins face-off versus Marco Kasper in Vegas Golden Knights zone.
19:11 of 3rd period - Auston Matthews is hit by Yegor Chinakhov and loses puck.
Goals for this period are 3 for Nashville Predators vs 0 for Vegas Golden Knights.
Shots for this period are 12 for Nashville Predators vs 9 for Vegas Golden Knights.